 Dungeon Crawl Stone Soup version 0.30-a0-722-g3e6e8c874d (webtiles) character file.

Game seed: 749803906518820706

93452 arthad the Convoker (level 15, -2/69 HPs)
             Began as a Felid Summoner on Jan 27, 2023.
             Was an Initiate of Gozag.
             Slain by a demonic crawler (14 damage)
             ... on level 2 of the Spider Nest on Jan 28, 2023.
             The game lasted 02:58:02 (31859 turns).

arthad the Convoker (Felid Summoner)               Turns: 31859, Time: 02:58:02

Health: -2/69      AC:  3    Str:  4    XL:     15   Next: 60%
Magic:  38/41      EV: 27    Int: 26    God:    Gozag
Gold:   2589       SH:  0    Dex: 18    Spells: 1/39 levels left
                                        Lives:  0   Deaths: 4

rFire   + . .      SeeInvis +      - Unarmed
rCold   + . .      Faith    .    (shield unavailable)
rNeg    . . .      Spirit   .    (body armour unavailable)
rPois   +          Reflect  .    (helmet unavailable)
rElec   .          Harm     .    (cloak unavailable)
rCorr   .          Rampage  .    (gloves unavailable)
Will    ++...                    (boots unavailable)
Stlth   ++                       Q - amulet of magic regeneration
HPRegen 0.31/turn                F - ring of the Red Skies {rPois rF+ Int+3}
MPRegen 0.67/turn                U - ring of magical power

@: quick
A: very small, claws 1, fangs 3, see invisible, speed 1, shaggy fur 3, stealthy
paws, no weapons or thrown items, no armour, multi-lived
a: Renounce Religion, Potion Petition, Call Merchant, Bribe Branch


You were on level 2 of the Spider Nest.
You worshipped Gozag.
Gozag was most pleased with you.
You visited 6 branches of the dungeon, and saw 27 of its levels.
You also visited: Sewer and Gauntlet.

You collected 9152 gold pieces.
You spent 2029 gold pieces at shops.
You paid 4534 gold pieces to Gozag.

Inventory:

Hand Weapons
 d - the +5 scythe "Finisher" {speed, eviscerate}
   (You found it on level 3 of the Dungeon)
Jewellery
 e - an amulet of guardian spirit
 r - an amulet of the acrobat
 C - a +5 ring of evasion
 F - the ring of the Red Skies (left paw) {rPois rF+ Int+3}
   (You bought it in a shop on level 5 of the Lair of Beasts)

   [ring of poison resistance]

   Int:       It affects your intelligence (+3).
   rF:        It protects you from fire.
   rPois:     It protects you from poison.
 H - a +6 ring of dexterity
 K - a ring of ice
 O - a ring of fire
 Q - an amulet of magic regeneration (around neck)
 S - a ring of positive energy
 T - a +6 ring of dexterity
 U - a ring of magical power (right paw)
 W - a +5 ring of evasion
 Y - the ring "Cyoteqod" {rN+ EV+5 Str+2 Int+2}
   (You found it in a Gauntlet)

   [ring of evasion]

   EV:        It affects your evasion (+5).
   Str:       It affects your strength (+2).
   Int:       It affects your intelligence (+2).
   rN:        It protects you from negative energy.
Wands
 s - a wand of polymorph (8)
 y - a wand of light (15)
 z - a wand of flame (26)
 B - a wand of mindburst (55)
 D - a wand of digging (3)
 E - a wand of charming (8)
 J - a wand of iceblast (19)
Scrolls
 c - 3 scrolls of vulnerability
 f - 3 scrolls of summoning
 g - 3 scrolls of torment
 k - 3 scrolls of silence
 l - 5 scrolls of blinking
 m - 2 scrolls of poison
 o - 2 scrolls of brand weapon
 p - 12 scrolls of teleportation
 t - 2 scrolls of enchant weapon
 v - 4 scrolls of magic mapping
 w - 7 scrolls of fear
 G - 2 scrolls of fog
 I - 5 scrolls of immolation
 L - 3 scrolls of noise
 V - 3 scrolls of enchant armour
 X - 7 scrolls of identify
 Z - 2 scrolls of amnesia
Potions
 a - 3 potions of magic
 b - 3 potions of lignification
 h - 5 potions of curing
 i - 8 potions of haste
 j - 8 potions of flight
 n - 2 potions of ambrosia
 u - 2 potions of brilliance
 x - 3 potions of cancellation
 A - 3 potions of invisibility
 N - 2 potions of heal wounds
 P - 3 potions of attraction
 R - 6 potions of might
Miscellaneous
 q - a phantom mirror
 M - a lightning rod (4/4)


   Skills:
 + Level 10.1 Fighting
 + Level 13.2 Dodging
 - Level 2.6 Stealth
 + Level 5.2 Unarmed Combat
 * Level 12.6 Spellcasting
 - Level 10.0 Hexes
 * Level 15.7 Summonings
 + Level 7.6 Translocations
 + Level 5.8 Transmutations
 + Level 11.1 Air Magic
 - Level 5.0 Evocations


You had one spell level left.
You knew the following spells:

 Your Spells              Type           Power      Damage    Failure   Level
a - Monstrous Menagerie   Summ           39%        N/A       4%          7
b - Summon Cactus Giant   Summ           39%        N/A       1%          6
c - Call Canine Familiar  Summ           78%        N/A       0%          3
d - Summon Guardian Gole  Hex/Summ       70%        N/A       1%          3
e - Summon Lightning Spi  Summ/Air       72%        N/A       1%          4
f - Summon Mana Viper     Hex/Summ       70%        N/A       1%          5
g - Tukima's Dance        Hex            62%        N/A       1%          3
h - Blink                 Tloc           100%       N/A       1%          2
i - Yara's Violent Unrav  Hex/Tmut       27%        3d12      3%          5

Your spell library contained the following spells:

 Spells                   Type           Power      Damage    Failure   Level
 Summon Small Mammal      Summ           100%       N/A       0%          1
 Apportation              Tloc           100%       N/A       1%          1
 Necrotise                Necr           64%        1d7       3%          1
 Call Imp                 Summ           78%        N/A       0%          2
 Ensorcelled Hibernation  Hex/Ice        84%        N/A       1%          2
 Passwall                 Tmut/Erth      25%        N/A       1%          2
 Dazzling Flash           Conj/Hex       84%        N/A       1%          3
 Swiftness                Air            65%        N/A       1%          3
 Manifold Assault         Tloc           54%        N/A       1%          4
 Passage of Golubria      Tloc           54%        N/A       1%          4
 Summon Ice Beast         Ice/Summ       55%        N/A       1%          4
 Silence                  Hex/Air        32%        N/A       1%          5
 Ignite Poison            Fire/Tmut/Pois 26%        N/A       4%          3
 Leda's Liquefaction      Hex/Erth       21%        N/A       4%          4
 Summon Hydra             Summ           39%        N/A       4%          7
 Scorch                   Fire           32%        2d6       5%          2
 Iskenderun's Mystic Bla  Conj/Tloc      36%        2d9       7%          4
 Blade Hands              Tmut           23%        N/A       9%          5
 Frozen Ramparts          Ice            32%        1d5       11%         3
 Ozocubu's Armour         Ice            16%        N/A       11%         3
 Ice Form                 Ice/Tmut       31%        N/A       11%         4
 Malign Gateway           Summ/Tloc      33%        N/A       24%         7
 Flame Wave               Conj/Fire      16%        2d7       34%         4
 Sticky Flame             Conj/Fire      16%        2d4       34%         4
 Storm Form               Tmut/Air       28%        N/A       65%         7
 Agony                    Necr           16%        N/A       67%         5
 Iskenderun's Battlesphe  Conj           16%        2d7       67%         5
 Lee's Rapid Deconstruct  Erth           8%         3d7*      67%         5
 Spellforged Servitor     Conj/Summ      27%        N/A       75%         7
 Statue Form              Tmut/Erth      20%        N/A       85%         6
 Iron Shot                Conj/Erth      8%         9d3       99%         6
 Starburst                Conj/Fire      8%         6d4       99%         6
 Orb of Destruction       Conj           8%         9d6       100%        7
 Ozocubu's Refrigeration  Ice            8%         4d9       100%        7
 Ignition                 Fire           8%         3d5       100%        8
 Portal Projectile        Hex/Tloc       Unusable   N/A       N/A         3

Dungeon Overview and Level Annotations

Branches:
Dungeon (15/15)            Temple (1/1) D:6            Lair (5/5) D:10
 Shoals (2/4) Lair:3       Spider (2/4) Lair:3        Slime (0/5) Lair:5
    Orc (2/2) D:9             Elf (0/3) Orc:2        Vaults (0/5) D:13
 Depths (0/4) D:15          Sewer (visited)         Gauntlet (visited)

Altars:
Ashenzari
Cheibriados
Dithmenos
Elyvilon
Fedhas
Gozag
Hepliaklqana
Kikubaaqudgha
Makhleb
Nemelex Xobeh
Okawaru
Qazlal
Ru
Sif Muna
Trog
Uskayaw
Vehumet
Wu Jian
Xom
Yredelemnul
Zin
The Shining One
Jiyva

Shops:
Orc:2 [(??   Lair:1 =:   Lair:5 ?=

Portals:
Trove: D:10 (show abyssal rune of Zot)

Annotations:
Shoals:2 Ilsuiw
Spider:2 Jorgrun


Innate Abilities, Weirdness & Mutations

You have sharp claws.
You have razor-sharp teeth.
You have supernaturally acute eyesight. (SInv)
You cover ground quickly. (Speed+)
Your thick and shaggy fur keeps you warm. (AC +3, rC+)
Your paws help you pounce on unaware monsters.
You are incapable of wielding weapons or throwing items.
You cannot wear armour.
You gain extra lives every three experience levels.


Message History

The demonic crawler attacks as you move away!
The demonic crawler hits you!
* * * LOW HITPOINT WARNING * * *
The demonic crawler hits you!
* * * LOW HITPOINT WARNING * * *
The demonic crawler completely misses you.
Casting: Summon Cactus Giant (dangerous; 1% risk of failure)
Confirm with . or Enter, or press ? or * to list all spells.
You blink.
You hear a grinding noise.
You hear a grinding noise.
There is a stone staircase leading up here.
You climb upwards.
There is a stone staircase leading down here.
You start resting.
Magic restored.
You start resting.
HP restored.
You climb downwards.
Level annotation: Jorgrun The demonic crawler hits you!
The demonic crawler completely misses you.
The demonic crawler hits you! x2
The demonic crawler completely misses you.
The demonic crawler hits you!
There is a stone staircase leading up, spattered with blood here.
Casting: Blink (safe; 1% risk of failure)
Confirm with . or Enter, or press ? or * to list all spells.
You blink.
Casting: Blink (safe; 1% risk of failure)
Confirm with . or Enter, or press ? or * to list all spells.
You blink.
The demonic crawler completely misses you.
The demonic crawler hits you!
* * * LOW HITPOINT WARNING * * *
The demonic crawler misses you. x2
The demonic crawler completely misses you.
The demonic crawler hits you!
You die...
Your body crumbles into a pile of gold.

.####..#####.####.......^#..##
##h#.#.......####......).####
##.#..^.......###......###.#
###..........## ##.....###.#
#.#.#......### #####.....##
#.##.....##.## ####§.######.####
#..h########.###...##### ###....
#...# #..<....##..# #......
##..#### ##..@s..#...####.....
####..## #.....#.....###....>
###.##...## #.....#......#......
...#......####.##...........##...
..##..[....##.#####........## ...
.###.........## ##.........# #..
..##........## #^........## ##
.............## #^.......##
..............# #.......##


You could see a demonic crawler.

Vanquished Creatures
  A centaur warrior (D:15)
  A cane toad (Lair:5)
  A nameless horror (Shoals:1)
  A raiju (Lair:5)
  A fire elemental (D:15)
  A water moccasin (D:10)
  A wolf (D:10)
  An adder (D:4)
  A ball python (D:1)
  A goblin (D:3)
  A hobgoblin (D:1)
  A frilled lizard (D:1)
12 creatures vanquished.

Vanquished Creatures (collateral kills)
  A kraken (Shoals:1)
  2 emperor scorpions (Spider:2)
  An orc warlord (Orc:2)
  3 broodmothers (Spider:2)
  A stone giant (D:15)
  Azrael (D:15)
  A minotaur (Gauntlet)
  Snorg (D:13)
  Josephine (Lair:4)
  A great orb of eyes (D:13)
  2 merfolk impalers (Shoals:1)
  An ogre mage (D:13)
  A catoblepas (Lair:5)
  4 hydras
  A centaur warrior (D:14)
  2 merfolk aquamancers (Shoals:1)
  4 boulder beetles
  4 two-headed ogres
  4 tengu warriors
  2 orc high priests (Orc:2)
  Sonja (Lair:4)
  A fire crab (D:13)
  A pharaoh ant (Spider:1)
  3 skeletal warriors (D:15)
  An orb spider (Spider:1)
  4 sea snakes (Shoals:1)
  3 slime creatures (D:14)
  2 lindwurms (Lair:5)
  3 steelbarb worms
  A necromancer (D:13)
  6 harpies
  3 orc knights
  6 ugly things
  2 wolf spiders (Spider:2)
  A deep elf pyromancer (D:13)
  An orc sorcerer (Orc:2)
  6 manticores
  3 cyclopes
  A salamander (shapeshifter) (D:13)
  5 fauns
  5 merfolk sirens
  6 torpor snails
  2 demonic crawlers
  A water nymph (Shoals:2)
  10 black mambas
  11 cane toads
  A gargoyle (D:13)
  A yaktaur (D:13)
  2 efreet (D:13)
  An unseen horror (D:11)
  3 kobold demonologists (D:10)
  2 rime drakes
  A freezing wraith (D:14)
  2 komodo dragons
  A tengu conjurer (D:13)
  6 trolls
  7 merfolk
  A meliai (Lair:3)
  3 tyrant leeches (Lair:5)
  A meliai (shapeshifter) (D:13)
  4 tarantellas (Spider:1)
  7 hornets
  2 wind drakes (Shoals:1)
  10 polar bears
  Grinder (D:3)
  A raiju (Gauntlet)
  4 snapping turtles
  13 blink frogs
  7 dream sheep
  4 jumping spiders
  3 culicivoras
  54 yaks
  4 shadows
  5 wraiths
  2 vampires
  6 water elementals (Shoals:1)
  5 wyverns
  3 fire elementals (D:15)
  4 fire bats (D:13)
  5 basilisks
  A steam dragon (D:6)
  10 redbacks
  6 vampire mosquitoes
  7 wargs
  Menkaure (D:5)
  19 hell hounds
  A two-headed ogre zombie (D:9)
  16 water moccasins
  2 acid dragons
  2 sky beasts
  28 orc warriors
  13 black bears
  An ice beast (D:7)
  4 ogres
  4 centaurs
  3 phantoms (D:9)
  25 wolves
  4 kobold brigands
  6 bullfrogs
  2 necrophages (D:6)
  3 gnoll sergeants
  A scorpion (D:5)
  4 wights
  A troll zombie (D:9)
  3 killer bees (Lair:3)
  A nameless horror (Lair:4)
  4 howler monkeys
  2 lava snakes (D:13)
  4 hounds
  17 orc priests
  A jelly (D:8)
  A gnoll bouda (D:7)
  Jessica (D:2)
  5 iguanas
  31 orc wizards
  7 hell rats (Lair:4)
  2 lightning spires (Gauntlet)
  An ogre zombie (D:9)
  Robin (D:3)
  17 gnolls
  2 adders
  4 river rats
  A shadow imp (D:7)
  A worm (D:3)
  A dart slug (D:1)
  87 orcs
  4 endoplasms
  3 giant cockroaches
  17 goblins
  7 hobgoblins
  A jackal (Sewer)
  21 kobolds
  5 quokkas
  12 ball pythons
  7 bats
  3 frilled lizards
  4 goblin zombies (D:9)
  3 hobgoblin zombies (D:9)
  An orc skeleton (D:9)
  11 orc zombies (D:9)
  10 rats
  A butterfly (Lair:2)
  2 fire vortices (D:13)
  A tentacle (Shoals:1)
774 creatures vanquished.

Vanquished Creatures (others)
  An ice dragon (Lair:5)
  Fannar (D:11)
  A hydra (Lair:5)
  A death knight (D:14)
  2 two-headed ogres
  2 cyclopes
  A manticore (D:15)
  10 ugly things (D:15)
  A cane toad (Lair:1)
  2 gargoyles (D:13)
  A rime drake (Lair:2)
  A troll (D:9)
  A snapping turtle (Shoals:2)
  A hornet (Lair:5)
  A dream sheep (Lair:5)
  A dancing weapon (D:15)
  5 yaks
  A basilisk (D:14)
  2 vampire mosquitoes (D:13)
  A redback (Spider:2)
  4 orc warriors
  A sky beast (D:7)
  A boggart (shapeshifter) (D:13)
  A centaur (D:7)
  A scorpion (D:4)
  2 troll zombies (D:9)
  2 wights (D:7)
  2 howler monkeys (D:7)
  An orc wizard (D:11)
  3 ogre zombies (D:9)
  An orc (Orc:1)
  A goblin skeleton (D:9)
  A goblin zombie (D:9)
  A hobgoblin skeleton (D:9)
  An orc skeleton (D:9)
  2 orc zombies (D:9)
  2 demonic plants (Gauntlet)
  A fire vortex (D:13)
  32 fungi
  89 plants
  4 tentacles (Shoals:1)
  A withered plant (Gauntlet)
191 creatures vanquished.

Grand Total: 977 creatures vanquished

Notes
Turn   | Place    | Note
-------+----------+-------------------------------------------
     0 | D:1      | arthad the Felid Summoner began the quest for the Orb.
     0 | D:1      | Reached XP level 1. HP: 7/7 MP: 4/4
   148 | D:1      | You fall into a shaft and drop 1 floor!
   418 | D:1      | Reached XP level 2. HP: 11/11 MP: 4/6
   425 | D:1      | Learned a level 2 spell: Call Imp
  1688 | D:2      | Noticed Jessica
  1695 | D:2      | Killed Jessica
  1696 | D:2      | Reached skill level 5 in Summonings
  1696 | D:2      | Reached XP level 3. HP: 14/14 MP: 3/7
  2544 | D:3      | Learned a level 3 spell: Call Canine Familiar
  2683 | D:3      | Found a faded altar of an unknown god.
  2689 | D:3      | Reached XP level 4. HP: 18/18 MP: 8/8
  2743 | D:3      | Noticed Grinder
  2779 | D:3      | Killed Grinder
  2780 | D:3      | Reached skill level 6 in Summonings
  2780 | D:3      | Reached XP level 5. HP: 21/21 MP: 1/11
  2957 | D:3      | Noticed Robin
  2964 | D:3      | Gained mutation: You are covered in thick fur. (AC +2)
                  | [Felid growth]
  2964 | D:3      | Reached XP level 6. HP: 12/24 MP: 4/12
  2975 | D:3      | Killed Robin
  3201 | D:3      | Found the +5 scythe "Finisher" {speed, eviscerate}
  3503 | D:4      | Learned a level 3 spell: Summon Guardian Golem
  3524 | D:4      | Reached skill level 7 in Summonings
  3692 | D:4      | Reached XP level 7. HP: 27/27 MP: 11/14
  3697 | D:4      | Learned a level 4 spell: Summon Lightning Spire
  3776 | D:4      | Reached skill level 1 in Hexes
  4092 | D:5      | Entered Level 5 of the Dungeon
  4235 | D:5      | Noticed Menkaure
  4242 | D:5      | Killed Menkaure
  4243 | D:5      | Reached skill level 1 in Fighting
  4243 | D:5      | Reached skill level 1 in Air Magic
  4319 | D:5      | Found a blossoming altar of Fedhas.
  4966 | D:6      | Found a glowing drain.
  4981 | Sewer    | Entered a sewer
  5121 | Sewer    | Reached skill level 8 in Summonings
  5121 | Sewer    | Reached XP level 8. HP: 33/33 MP: 12/15
  5121 | Sewer    | Upgraded the game from 0.30-a0-719-gcc4359ea44 to
                  | 0.30-a0-722-g3e6e8c874d
  5153 | Sewer    | Found a white marble altar of Elyvilon.
  5820 | D:6      | Reached skill level 5 in Spellcasting
  5920 | D:6      | Found a staircase to the Ecumenical Temple.
  5929 | Temple   | Entered the Ecumenical Temple
  5981 | Temple   | Became a worshipper of Gozag Ym Sagoz the Greedy
  6241 | D:7      | Reached skill level 5 in Dodging
  6241 | D:7      | Reached XP level 9. HP: 23/37 MP: 5/17
  6367 | D:7      | Reached skill level 9 in Summonings
  6499 | D:7      | Reached skill level 5 in Hexes
  7500 | D:8      | Paralysed by a hornet for 3 turns
  7502 | D:8      | Slain by a hornet
  7503 | D:8      | Reached XP level 8. HP: -4/36 MP: 3/17
  7516 | D:8      | Killed a hornet
  7517 | D:8      | Reached skill level 10 in Summonings
  7517 | D:8      | Reached skill level 5 in Air Magic
  7517 | D:8      | Reached XP level 9. HP: 30/39 MP: 9/18
  7645 | D:8      | Learned a level 5 spell: Summon Mana Viper
  8043 | D:8      | Noticed a two-headed ogre
  8051 | D:8      | Killed a two-headed ogre
  8698 | D:9      | Found a staircase to the Orcish Mines.
  8741 | D:9      | Reached skill level 5 in Fighting
  8920 | D:9      | Noticed a two-headed ogre
  8942 | D:9      | Killed a two-headed ogre
  8943 | D:9      | Reached XP level 10. HP: 11/44 MP: 11/20
  8947 | D:9      | Learned a level 3 spell: Tukima's Dance
  9184 | D:9      | Found a shadowy altar of Dithmenos.
  9187 | D:9      | Found a burning altar of Makhleb.
  9190 | D:9      | Found a sparkling altar of Nemelex Xobeh.
  9193 | D:9      | Found a radiant altar of Vehumet.
  9984 | D:10     | Entered Level 10 of the Dungeon
  9989 | D:10     | Found a portal to a secret trove of treasure.
 10464 | D:10     | Noticed a two-headed ogre
 10486 | D:10     | Killed a two-headed ogre
 10487 | D:10     | Reached skill level 11 in Summonings
 10487 | D:10     | Reached skill level 1 in Evocations
 10772 | D:10     | Found a staircase to the Lair.
 11352 | D:10     | Noticed an orange demon
 11355 | D:10     | Reached XP level 11. HP: 48/48 MP: 6/22
 11768 | D:11     | Noticed Fannar
 11780 | D:11     | Killed Fannar
 12189 | D:11     | Noticed a two-headed ogre
 12197 | D:11     | Killed a two-headed ogre
 12207 | D:11     | Noticed a two-headed ogre
 12218 | D:11     | Killed a two-headed ogre
 13201 | D:12     | Killed by an exploding themself... ignited by their inner
                  | flame
 13202 | D:12     | Reached XP level 10. HP: -1/45 MP: 13/22
 13210 | D:12     | Noticed a purple ugly thing
 13217 | D:12     | Killed a purple ugly thing
 13365 | D:12     | Noticed a manticore
 13373 | D:12     | Killed a manticore
 13382 | D:12     | Reached XP level 11. HP: 49/49 MP: 8/24
 13641 | D:12     | Noticed a boulder beetle
 13661 | D:12     | Killed a boulder beetle
 13890 | D:13     | Noticed a two-headed ogre
 13901 | D:13     | Reached skill level 12 in Summonings
 13920 | D:13     | Killed a two-headed ogre
 13971 | D:13     | Found a gate to the Vaults.
 13971 | D:13     | Noticed a necromancer
 13982 | D:13     | Killed a necromancer
 14161 | D:13     | Noticed a fire crab
 14161 | D:13     | Noticed a great orb of eyes
 14171 | D:13     | Killed a great orb of eyes
 14173 | D:13     | Noticed a deep elf pyromancer
 14178 | D:13     | Killed a fire crab
 14183 | D:13     | Noticed an ogre mage
 14183 | D:13     | Noticed Snorg
 14184 | D:13     | Killed a deep elf pyromancer
 14201 | D:13     | Killed from afar by an efreet
 14202 | D:13     | Reached XP level 10. HP: -10/46 MP: 16/23
 14255 | D:13     | Killed an ogre mage
 14332 | D:13     | Noticed a boulder beetle
 14351 | D:13     | Noticed a salamander
 14351 | D:13     | Noticed a gargoyle
 14353 | D:13     | Noticed a cyclops
 14361 | D:13     | Killed a salamander
 14362 | D:13     | Reached XP level 11. HP: 25/49 MP: 3/24
 14404 | D:13     | Killed a boulder beetle
 14497 | D:13     | Noticed a tengu warrior
 14504 | D:13     | Killed Snorg
 14506 | D:13     | Killed a tengu warrior
 14673 | D:13     | Reached skill level 5 in Evocations
 14754 | D:13     | Identified the +3 flail of Glamorous Valiance {holy, rPois
                  | Str-2 Int+4}
 15116 | D:13     | Reached skill level 10 in Dodging
 15408 | D:14     | Noticed a death knight
 15408 | D:14     | Noticed a centaur warrior
 15423 | D:14     | Killed a centaur warrior
 15431 | D:14     | Killed a death knight
 15433 | D:14     | Noticed a tengu warrior
 15450 | D:14     | Killed a tengu warrior
 15592 | D:14     | Noticed a boulder beetle
 15609 | D:14     | Killed a boulder beetle
 15642 | D:14     | Found a hide-covered altar of Uskayaw.
 15658 | D:14     | Gained mutation: Your thick and shaggy fur keeps you warm.
                  | (AC +3, rC+) [Felid growth]
 15658 | D:14     | Reached XP level 12. HP: 54/54 MP: 11/26
 15898 | D:14     | Reached skill level 13 in Summonings
 16222 | D:14     | Learned a level 7 spell: Monstrous Menagerie
 16261 | D:15     | Entered Level 15 of the Dungeon
 16261 | D:15     | Noticed a boulder beetle
 16270 | D:15     | Killed a boulder beetle
 16558 | D:15     | Found a stormy altar of Qazlal.
 16759 | D:15     | Reached skill level 10 in Spellcasting
 16866 | D:15     | Reached skill level 10 in Air Magic
 16989 | D:15     | Noticed a tengu warrior
 16996 | D:15     | Noticed a tengu warrior
 16997 | D:15     | Killed a tengu warrior
 16998 | D:15     | Reached XP level 13. HP: 58/58 MP: 13/28
 17002 | D:15     | Noticed a stone giant
 17008 | D:15     | Found a staircase to the Depths.
 17027 | D:15     | Killed a stone giant
 17206 | D:15     | Noticed Azrael
 17207 | D:15     | Reached skill level 10 in Hexes
 17223 | D:15     | Killed from afar by a hell hound
 17224 | D:15     | Reached XP level 12. HP: -5/55 MP: 7/27
 17334 | D:15     | Killed Azrael
 17770 | Lair:1   | Entered Level 1 of the Lair of Beasts
 17903 | Lair:1   | Identified a scroll of acquirement
 17907 | Lair:1   | Acquired a book of Scorching
 17953 | Lair:1   | Learned a level 6 spell: Summon Cactus Giant
 18346 | Lair:1   | Reached skill level 14 in Summonings
 18613 | Lair:1   | Bought an Inescapable Atlas for 416 gold pieces
 18616 | Lair:1   | Bought a ring of magical power for 360 gold pieces
 18757 | Lair:2   | Noticed a five-headed hydra
 18769 | Lair:2   | Killed a five-headed hydra
 18770 | Lair:2   | Reached skill level 1 in Translocations
 18842 | Lair:2   | Reached skill level 1 in Transmutations
 19001 | Lair:2   | Reached skill level 1 in Unarmed Combat
 19055 | Lair:2   | Reached XP level 13. HP: 59/59 MP: 21/28
 19787 | Lair:3   | Found the +4 robe of Folly {Brill Will-∞ Int+8}
 20154 | Lair:3   | Found a hole to the Spider Nest.
 20317 | Lair:3   | Found a staircase to the Shoals.
 20922 | Lair:4   | Noticed Josephine
 20927 | Lair:4   | Killed Josephine
 21053 | Lair:4   | Noticed Sonja
 21061 | Lair:4   | Killed Sonja
 21192 | Lair:4   | Got the Handbook of Dimensional Apparitions
 21205 | Lair:4   | Learned a level 2 spell: Blink
 21334 | Lair:4   | Found a gate leading to a gauntlet.
 21343 | Gauntlet | Entered a Gauntlet
 21343 | Gauntlet | Found a transporter.
 21343 | Gauntlet | Found a runed translucent door.
 21343 | Gauntlet | Found a runed translucent door.
 21350 | Gauntlet | Found a transporter.
 21352 | Gauntlet | Found a transporter.
 21363 | Gauntlet | Found a transporter.
 21366 | Gauntlet | Found a transporter.
 21380 | Gauntlet | Found a runed translucent gate.
 21380 | Gauntlet | Found a runed translucent gate.
 21380 | Gauntlet | Found a runed translucent gate.
 21385 | Gauntlet | Found a transporter.
 21401 | Gauntlet | Found a transporter.
 21411 | Gauntlet | Found a transporter.
 21415 | Gauntlet | Found a transporter.
 21415 | Gauntlet | Found a transporter.
 21428 | Gauntlet | Found a runed translucent door.
 21430 | Gauntlet | Found a transporter.
 21432 | Gauntlet | Found a runed translucent door.
 21433 | Gauntlet | Found a transporter.
 21464 | Gauntlet | Found a transporter.
 21478 | Gauntlet | Found a transporter.
 21698 | Gauntlet | Identified the ring "Cyoteqod" {rN+ EV+5 Str+2 Int+2}
 21804 | Gauntlet | Noticed a minotaur
 21823 | Gauntlet | Killed a minotaur
 22378 | Lair:5   | Entered Level 5 of the Lair of Beasts
 22378 | Lair:5   | Found a staircase to the Slime Pits.
 22378 | Lair:5   | Found a viscous altar of Jiyva.
 22791 | Lair:5   | Identified the +6 scale mail of Futuristic Wonder {-Cast
                  | rF+ rC+ Stlth+}
 22959 | Lair:5   | Reached XP level 14. HP: 64/64 MP: 11/30
 23342 | Lair:5   | Reached skill level 5 in Translocations
 23922 | Lair:5   | Found a runed translucent door.
 24120 | Lair:5   | Reached skill level 15 in Summonings
 24866 | Lair:5   | Bought a scroll of blinking for 82 gold pieces
 24866 | Lair:5   | Bought a scroll of blinking for 82 gold pieces
 24869 | Lair:5   | Bought the ring of the Red Skies {rPois rF+ Int+3} for 523
                  | gold pieces
 25041 | Orc:1    | Entered Level 1 of the Orcish Mines
 25361 | Orc:1    | Found a burning altar of Makhleb.
 25833 | Orc:1    | Found a shimmering blue altar of Sif Muna.
 26026 | Orc:2    | Entered Level 2 of the Orcish Mines
 26472 | Orc:2    | Found Yna Dodi's Magic Scroll Shop.
 26511 | Orc:2    | Bought a scroll of teleportation for 36 gold pieces
 26511 | Orc:2    | Bought a scroll of teleportation for 36 gold pieces
 26511 | Orc:2    | Bought a scroll of blinking for 90 gold pieces
 26511 | Orc:2    | Bought a scroll of blinking for 90 gold pieces
 26511 | Orc:2    | Bought a scroll of magic mapping for 90 gold pieces
 26671 | Orc:2    | Found a staircase to the Elven Halls.
 26949 | Orc:2    | Noticed an orc warlord
 26974 | Orc:2    | Killed an orc warlord
 27119 | Orc:2    | Found Ampapn's Antique Weapon Boutique.
 27146 | Orc:2    | Found Oxyrghut's Antique Armour Shop.
 27526 | Orc:2    | Found Joroekho's Magic Scroll Emporium.
 27532 | Orc:2    | Bought a scroll of teleportation for 48 gold pieces
 27532 | Orc:2    | Bought a scroll of fear for 64 gold pieces
 27532 | Orc:2    | Bought a scroll of fear for 64 gold pieces
 27532 | Orc:2    | Bought a scroll of teleportation for 48 gold pieces
 27869 | Shoals:1 | Entered Level 1 of the Shoals
 28068 | Shoals:1 | Reached XP level 15. HP: 69/69 MP: 15/32
 28074 | Shoals:1 | Learned a level 5 spell: Yara's Violent Unravelling
 28147 | Shoals:1 | Reached skill level 5 in Transmutations
 28160 | Shoals:1 | Identified the +8 chain mail "Utary" {Int+3}
 28212 | Shoals:1 | Noticed a kraken
 28227 | Shoals:1 | Killed a kraken
 29084 | Shoals:2 | Noticed Ilsuiw
 29085 | Shoals:2 | HP: 1/69 [satyr/arrow (33)]
 29715 | Spider:1 | Entered Level 1 of the Spider Nest
 30252 | Spider:1 | Reached skill level 5 in Unarmed Combat
 30723 | Spider:2 | Reached skill level 10 in Fighting
 31329 | Spider:2 | Noticed an emperor scorpion
 31329 | Spider:2 | Noticed an emperor scorpion
 31330 | Spider:2 | Noticed an emperor scorpion
 31330 | Spider:2 | Noticed an emperor scorpion
 31456 | Spider:2 | Killed an emperor scorpion
 31464 | Spider:2 | Killed an emperor scorpion
 31635 | Spider:2 | Noticed Jorgrun
 31859 | Spider:2 | Slain by a demonic crawler

Illustrated notes

Levels and vault maps discovered:
D:1:      dpeg_arrival_arbitrary_c, layout_basic, minmay_crystal_room
D:2:      minmay_door_path, layout_loops_cross, uniq_jessica
D:3:      minmay_octagon_keep, layout_rooms, ebering_ecumenical_altar_box,
          uniq_grinder, uniq_robin
D:4:      layout_rooms
D:5:      layout_loops_ring, lemuel_crystal_altar, uniq_menkaure
D:6:      layout_basic, minmay_temple_entry_crystal_x, portal_sewer_entry_b
D:7:      layout_rooms
D:8:      layout_basic
D:9:      layout_basic, grunt_temple_overflow_cloverleaf, zombieorc2_lemuel
D:10:     layout_grid_maze, minmay_lair_entry_grove, enter_trove_1
D:11:     layout_basic, uniq_fannar
D:12:     layout_cave_pools
D:13:     minmay_cut_squares, layout_basic, david_vaults_1,
          hangedman_incinerator, uniq_snorg
D:14:     layout_rooms, nicolae_uskayaw_murder_on_the_dancefloor,
          minmay_misc_feat_nine_boxes, feat_on_display
D:15:     grunt_enter_depths_snipers, layout_cave_pods,
          nicolae_qazlal_scattered_showers, uniq_azrael
Temple:   sentei_temple_godly_chess
Lair:1:   layout_misc_corridors, minivault_11, beast_lair_carwin_9
Lair:2:   layout_chaotic_city, serial_bayou_pond_c, grunt_megastairs_2,
          lemuel_fruit_fields
Lair:3:   layout_regular_city, elwin_shoals_entry_stream,
          hellmonk_spider_entry_not_the_bees
Lair:4:   layout_hall_layers, gauntlet_entry_generic, st_stairs_7,
          uniq_josephine, uniq_sonja
Lair:5:   wormcave, layout_loops_ring, hangedman_lair_caniforms_friends,
          slime_entry_1
Shoals:1: layout_shoals
Shoals:2: layout_shoals, serial_shops, nicolae_shop_hallway_plus, uniq_ilsuiw
Spider:1: layout_spider_delve
Spider:2: layout_chambers, drop_trap, nicolae_spider_scorpion_nest, uniq_jorgrun
Orc:1:    layout_caves, basic_altar, kennysheep_orc_sif_temple
Orc:2:    grunt_orc_community_town_hall, layout_caves,
          grunt_orc_community_big_house_2, grunt_orc_community_big_house_2,
          grunt_orc_community_house_2, grunt_orc_community_house_1,
          grunt_orc_community_house_1, grunt_orc_community_house_3,
          grunt_orc_community_house_3, grunt_orc_community_house_2,
          nicolae_orc_rich_vein

Skill      XL: |  1  2  3  4  5  6  7  8  9 10 11 12 13 14 15 |
---------------+----------------------------------------------+-----
Summonings     | 5 6 7 8 10 9 11 12 14 15 | 15.7
Spellcasting   | 3 4 5 6 8 9 10 11 12 | 12.6
Hexes          | 2 4 5 8 6 9 10 | 10.0
Dodging        | 3 5 7 9 10 12 13 | 13.2
Fighting       | 1 3 5 7 8 9 10 | 10.1
Air Magic      | 1 5 6 9 10 11 | 11.1
Evocations     | 2 5 |  5.0
Translocations | 1 4 6 7 |  7.6
Transmutations | 1 3 4 5 |  5.8
Unarmed Combat | 1 3 4 5 |  5.2
Stealth        | |  2.6

Action                     |  1- 3 |  4- 6 |  7- 9 | 10-12 | 13-15 || total
---------------------------+-------+-------+-------+-------+-------++-------
  Melee: Unarmed           |    11 |    13 |    19 |    14 |    29 ||    86
         Bite              |     1 |       |     5 |     2 |     7 ||    15
         Punch             |       |       |     1 |     1 |     1 ||     3
   Cast: Summon Small Mamm |    61 |    12 |    12 |     1 |       ||    86
         Call Imp          |    14 |     9 |    21 |    16 |       ||    60
         Call Canine Famil |     2 |    11 |    38 |    73 |    67 ||   191
         Summon Guardian G |       |     2 |    32 |    75 |    43 ||   152
         Summon Lightning  |       |       |    34 |   122 |   158 ||   314
         Summon Mana Viper |       |       |     2 |    50 |   103 ||   155
         Tukima's Dance    |       |       |       |     7 |     4 ||    11
         Summon Cactus Gia |       |       |       |    12 |   105 ||   117
         Monstrous Menager |       |       |       |     2 |   111 ||   113
         Blink             |       |       |       |       |     8 ||     8
 Invoke: Call Merchant     |       |       |       |     2 |     2 ||     4
         Potion Petition   |       |       |       |       |     1 ||     1
  Evoke: Wand              |       |       |     2 |     8 |     2 ||    12
         Lightning rod     |       |       |       |       |     3 ||     3
    Use: Potion            |       |     4 |     4 |     7 |     6 ||    21
         Scroll            |       |     1 |     9 |    17 |     4 ||    31
   Stab: Distracted        |       |       |       |       |     2 ||     2
 Armour: Skin              |     1 |     2 |     4 |     4 |    10 ||    21
  Dodge: Dodged            |    20 |    41 |    68 |    87 |   260 ||   476

Table legend: (Time is in decaauts)
 A = Elapsed time spent in this place.
 B = Non-inter-level travel time spent in this place.
 C = Inter-level travel time spent in this place.
 D = Time resting spent in this place.
 E = Time spent auto-exploring this place.
 F = Levels seen in this place.
 G = Mean time per level.
                   A        B        C        D        E       F      G
               +--------+--------+--------+--------+--------+-----+--------+
         Total |  28582 |  27591 |    991 |   1355 |  20088 |  29 |  985.6 |
       Dungeon |  15767 |  15177 |    590 |    477 |  11505 |  15 | 1051.1 |
        Temple |     58 |     58 |      0 |      0 |     44 |   1 |   58.0 |
          Lair |   5977 |   5722 |    255 |      0 |   4345 |   5 | 1195.4 |
        Shoals |   1791 |   1710 |     81 |    494 |    852 |   2 |  895.5 |
   Spider Nest |   1909 |   1892 |     17 |    277 |   1258 |   2 |  954.5 |
  Orcish Mines |   2357 |   2311 |     46 |     78 |   1764 |   2 | 1178.5 |
         Sewer |    250 |    250 |      0 |      0 |    201 |   1 |  250.0 |
      Gauntlet |    469 |    469 |      0 |     29 |    117 |   1 |  469.0 |
               +--------+--------+--------+--------+--------+-----+--------+

Top non-repeatable levels by time:
  Lair:5: 2171 daAuts
    D:10: 1711 daAuts
Shoals:1: 1596 daAuts
   Orc:2: 1499 daAuts
     D:9: 1481 daAuts
    D:13: 1385 daAuts
    D:11: 1192 daAuts
    D:15: 1191 daAuts
     D:8: 1167 daAuts
     D:1: 1159 daAuts
     D:6: 1109 daAuts
  Lair:4: 1080 daAuts
  Lair:3: 1048 daAuts
Spider:1: 1020 daAuts
     D:2: 1010 daAuts
